 Dungeon Crawl Stone Soup version 0.17.1-2-g5865329 (webtiles) character file.

13967 Lonerover the Grappler (level 11, -9/119 HPs)
             Began as a Troll Monk on Feb 1, 2016.
             Was a High Priest of Qazlal.
             Mangled by a jumping spider (15 damage)
             ... on level 1 of the Spider Nest.
             The game lasted 00:52:23 (9114 turns).

Lonerover the Grappler (Troll Monk)                 Turns: 9114, Time: 00:52:23

Health: -9/119     AC:  9    Str: 23    XL:     11   Next: 82%
Magic:  16/16      EV: 10    Int:  7    God:    Qazlal [*****.]
Gold:   471        SH:  6    Dex: 12    Spells: 0 memorised, 10 levels left

rFire  + . .     SeeInvis .       - Unarmed
rCold  x . .     Clarity  .     E - +1 robe {Archmagi}
rNeg   . . .     SustAt   .     (no shield)
rPois  +         Gourm    +     (helmet restricted)
rElec  .         Spirit   .     (no cloak)
rCorr  .         Warding  .     (gloves unavailable)
rMut   .         Stasis   .     (boots unavailable)
MR     .....                    (no amulet)
Stlth  +.........               J - ring of fire
                                o - ring of wizardry

@: lethally poisoned (-9 -> -23), protected from physical damage, repel
missiles, not resistant to hostile enchantments, very unstealthy
A: unfitting armour, claws 3, breathe flames 1, fast metabolism 3, gourmand,
poison resistance, regeneration 2, shaggy fur 1, tough skin 2
a: Upheaval, Elemental Force, Disaster Area, Renounce Religion, Breathe Fire


You were on level 1 of the Spider Nest.
You worshipped Qazlal.
Qazlal was extremely pleased with you.
You were completely stuffed.

You visited 3 branches of the dungeon, and saw 12 of its levels.
You also visited: Sewer.

You collected 471 gold pieces.

Inventory:

Hand Weapons
 F - a +0 giant spiked club
Armour
 a - a +1 robe
 g - a +0 cloak
 w - a +0 cloak
 E - a +1 robe of the Archmagi (worn)
 I - a +0 cloak
Magical Staves
 B - an uncursed staff of air
Jewellery
 l - an uncursed ring of flight
 o - a ring of wizardry (left claw)
 J - a ring of fire (right claw)
Wands
 t - a wand of random effects (29)
 x - a wand of polymorph (5)
 z - a wand of confusion (30)
 D - a wand of lightning (0)
Scrolls
 c - a scroll of blinking
 d - a scroll of noise
 e - 2 scrolls of enchant weapon
 f - 2 scrolls of immolation
 j - 15 scrolls of identify
 k - a scroll of teleportation
 n - 7 scrolls of remove curse
 q - a scroll of fear
 y - a scroll of fog
Potions
 m - 2 potions of might
 s - 6 potions of brilliance
 u - a potion of flight
 v - 2 potions of magic
 C - a potion of cancellation
 G - a potion of degeneration
Books
 r - a book of Death

   Spells                             Type                      Level
   a - Corpse Rot                     Necromancy                   2
   b - Sublimation of Blood           Necromancy                   2
   c - Agony                          Necromancy                   5
   d - Dispel Undead                  Necromancy                   5
   e - Excruciating Wounds            Charms/Necromancy            5
   f - Bolt of Draining               Conjuration/Necromancy       5
Comestibles
 b - 7 bread rations
 h - 2 meat rations
 i - a slice of pizza
 H - a fruit
 K - a royal jelly


   Skills:
 * Level 10.5 Fighting
 - Level 2.4 Dodging
 - Level 1.1 Stealth
 * Level 12.3 Unarmed Combat
 + Level 8.3 Invocations


You had 10 spell levels left.
You didn't know any spells.

Dungeon Overview and Level Annotations

Branches:
Dungeon (8/15)             Temple (0/1) D:7            Lair (3/8) D:8
  Swamp (0/4) Lair:3       Spider (1/4) Lair:3

Altars:
Ashenzari
Cheibriados
Fedhas
Qazlal
Sif Muna
Vehumet
Zin

Shops:
D:6 *   D:7 }


Innate Abilities, Weirdness & Mutations

You are too large for most types of armour.
You have claws for hands.
Your metabolism is lightning-fast.
You like to eat raw meat.
You heal very quickly.
You are covered in fur (AC +1).
You have very tough skin (AC +2).
You can breathe flames.
Your system is resistant to poisons.


Message History

You block the redback's attack. The wolf spider hits you!
* * * LOW HITPOINT WARNING * * *
The wolf spider bites you!
* * * LOW HITPOINT WARNING * * *
You feel much better.
You feel very sick.
The jumping spider is engulfed in roaring flames.
The jumping spider pounces on you!
* * * LOW HITPOINT WARNING * * *
The jumping spider bites you.
* * * LOW HITPOINT WARNING * * *
The jumping spider leaps!
The redback bites you but does no damage.
The jumping spider leaps!
The wolf spider hits you!
* * * LOW HITPOINT WARNING * * *
You feel more protected from physical attacks.
You block the wolf spider's attack.
The jumping spider is engulfed in roaring flames.
The jumping spider pounces on you!
You die...

. .#.###.##
#.#..§.#..#
#.#.......#
#.....#...# ..
#...#.#..#
.§.#..$...#.#
......#..<#..#
#.#......s...#
≈≈≈#.#..s@#.#
≈#≈#≈....s.s.#
≈≈≈≈#..#...§§#
##≈#≈.....§..#
≈≈≈#####..###
.#≈ .... .
.#..# ..#...


You could see a wolf spider, a jumping spider and 2 redbacks.

Vanquished Creatures
  Erolcha (D:8)
  2 hydras
  Urug (Lair:2)
  Pikel (D:4)
  A wolf spider (Spider:1)
  A griffon (Lair:3)
  A hornet (Spider:1)
  Joseph (D:7)
  Psyche (D:8)
  A spiny frog (Lair:2)
  3 komodo dragons (Lair:3)
  A fire drake (Lair:2)
  A giant leech (Lair:3)
  4 blink frogs
  A redback (Spider:1)
  5 yaks (Lair:2)
  4 trapdoor spiders (Lair:3)
  2 hippogriffs (Lair:2)
  Eustachio (D:5)
  4 wolves (Lair:2)
  Menkaure (D:4)
  Edmund (D:6)
  3 water moccasins
  A slave (D:4)
  A sky beast (D:5)
  4 porcupines
  A centaur (D:8)
  A necrophage (D:6)
  6 ogres
  A gnoll sergeant (D:8)
  A crocodile (Lair:2)
  10 giant frogs
  7 wights
  2 scorpions (D:6)
  2 jellies (D:7)
  6 killer bees (D:8)
  An electric eel (Lair:2)
  3 crimson imps
  2 giant frog zombies
  2 hounds
  5 orc wizards
  2 orc priests
  Natasha (thrice) (D:2 D:4)
  3 worker ants
  4 iguanas
  8 sheep
  8 river rats
  8 gnolls
  15 adders
  2 shadow imps (D:6)
  A worm (D:3)
  4 adder skeletons
  4 giant geckos
  18 orcs
  11 ball pythons
  4 giant cockroaches
  8 hobgoblins
  12 jackals
  12 kobolds
  6 quokkas
  2 bats
  A giant gecko skeleton (D:4)
  7 giant newts
  5 goblins
  5 rats
  7 fungi
  15 plants
273 creatures vanquished.

Vanquished Creatures (collateral kills)
  An orc warrior (D:8)
  An adder (D:8)
  An orc (D:8)
3 creatures vanquished.

Vanquished Creatures (others)
  An adder skeleton (D:4)
  An orc (D:8)
  A fungus (Lair:2)
  A plant (Lair:2)
4 creatures vanquished.

Grand Total: 280 creatures vanquished

Notes
Turn   | Place    | Note
--------------------------------------------------------------
     0 | D:1      | Lonerover the Troll Monk began the quest for the Orb.
     0 | D:1      | Reached XP level 1. HP: 22/22 MP: 0/0
   175 | D:1      | Reached XP level 2. HP: 27/29 MP: 1/1
   548 | D:2      | Noticed Natasha
   557 | D:2      | Killed Natasha
   557 | D:2      | Reached XP level 3. HP: 28/37 MP: 2/2
   631 | D:2      | Noticed an earth elemental
   633 | D:2      | Found a stormy altar of Qazlal.
   635 | D:2      | Noticed an air elemental
   635 | D:2      | Noticed a water elemental
   635 | D:2      | Noticed a fire elemental
   640 | D:2      | Became a worshipper of Qazlal Stormbringer
   640 | D:2      | Reached * piety under Qazlal
   640 | D:2      | Reached ** piety under Qazlal
   653 | D:2      | Noticed Natasha
   657 | D:2      | Killed Natasha
   698 | D:2      | Reached XP level 4. HP: 45/45 MP: 3/3
   906 | D:3      | Reached skill level 5 in Unarmed Combat
   986 | D:3      | Reached XP level 5. HP: 51/54 MP: 4/4
  1087 | D:3      | Found a snail-covered altar of Cheibriados.
  1156 | D:3      | Found a shattered altar of Ashenzari.
  1325 | D:3      | Found a deep blue altar of Sif Muna.
  1450 | D:4      | Noticed a slave
  1452 | D:4      | Noticed Pikel
  1452 | D:4      | Noticed a slave
  1452 | D:4      | Noticed a slave
  1454 | D:4      | Noticed a slave
  1543 | D:4      | Noticed an ogre
  1544 | D:4      | Noticed Natasha
  1545 | D:4      | Noticed an ogre
  1577 | D:4      | Killed Natasha
  1599 | D:4      | Killed an ogre
  1599 | D:4      | Reached skill level 6 in Unarmed Combat
  1599 | D:4      | Reached XP level 6. HP: 46/63 MP: 5/5
  1621 | D:4      | Killed an ogre
  1743 | D:4      | Killed a slave
  1764 | D:4      | Killed Pikel
  1764 | D:4      | Reached skill level 5 in Fighting
  1764 | D:4      | Reached skill level 7 in Unarmed Combat
  1764 | D:4      | Reached XP level 7. HP: 61/74 MP: 6/6
  1846 | D:4      | Noticed Menkaure
  1854 | D:4      | Killed Menkaure
  1921 | D:4      | Reached XP level 8. HP: 81/83 MP: 7/7
  2316 | D:5      | Entered Level 5 of the Dungeon
  2391 | D:5      | Noticed Eustachio
  2394 | D:5      | Killed Eustachio
  2394 | D:5      | Reached skill level 8 in Unarmed Combat
  2403 | D:5      | Found a blossoming altar of Fedhas.
  2457 | D:5      | Reached *** piety under Qazlal
  2480 | D:5      | Found a glowing drain.
  2506 | Sewer    | Entered a sewer
  3541 | D:6      | Noticed Edmund
  3546 | D:6      | Killed Edmund
  3571 | D:6      | Found Zin's Purification Station.
  3582 | D:6      | Reached skill level 9 in Unarmed Combat
  3583 | D:6      | Found a glowing silver altar of Zin.
  3917 | D:6      | Reached **** piety under Qazlal
  3978 | D:6      | Reached XP level 9. HP: 83/92 MP: 8/8
  3989 | D:6      | Reached skill level 1 in Invocations
  4418 | D:7      | Noticed Joseph
  4446 | D:7      | Killed Joseph
  4615 | D:7      | Found Vitem's Gadget Emporium.
  4644 | D:7      | Found a staircase to the Ecumenical Temple.
  4964 | D:8      | Noticed Psyche
  4967 | D:8      | Killed Psyche
  5023 | D:8      | Noticed Erolcha
  5051 | D:8      | Reached skill level 5 in Invocations
  5267 | D:8      | Reached skill level 10 in Unarmed Combat
  5267 | D:8      | Reached XP level 10. HP: 21/105 MP: 13/13
  5275 | D:8      | Found a radiant altar of Vehumet.
  5450 | D:8      | Killed Erolcha
  5519 | D:8      | Found a staircase to the Lair.
  6117 | Lair:1   | Entered Level 1 of the Lair of Beasts
  6242 | Lair:1   | Gained mutation: You can breathe flames. [potion of beneficial mutation]
  6243 | Lair:1   | Gained mutation: Your system is resistant to poisons. [potion of beneficial mutation]
  6489 | Lair:1   | Noticed a four-headed hydra
  6537 | Lair:1   | Killed a five-headed hydra
  6937 | Lair:2   | Reached ***** piety under Qazlal
  6938 | Lair:2   | Reached skill level 11 in Unarmed Combat
  7034 | Lair:2   | Noticed a seven-headed hydra
  7136 | Lair:2   | Killed a seven-headed hydra
  7136 | Lair:2   | Reached XP level 11. HP: 51/115 MP: 11/15
  7157 | Lair:2   | Noticed Urug
  7185 | Lair:2   | Killed Urug
  8159 | Lair:3   | Reached skill level 10 in Fighting
  8223 | Lair:3   | Found a deep blue altar of Sif Muna.
  8499 | Lair:3   | Reached skill level 12 in Unarmed Combat
  8760 | Lair:3   | Found a hole to the Spider Nest.
  8872 | Lair:3   | Found a staircase to the Swamp.
  9103 | Spider:1 | Entered Level 1 of the Spider Nest
  9114 | Spider:1 | Mangled by a jumping spider

Action                   |  1- 3 |  4- 6 |  7- 9 | 10-12 || total
-------------------------+-------+-------+-------+-------++-------
Melee: Unarmed           |    49 |   125 |   327 |   241 ||   742
Invok: Upheaval          |       |     1 |     1 |     4 ||     6
       Elemental Force   |       |       |     2 |       ||     2
 Abil: Breathe Fire      |       |       |       |     8 ||     8
Evoke: Wand              |       |       |       |     3 ||     3
  Use: Scroll            |     9 |     2 |     5 |     3 ||    19
       Potion            |     2 |       |     8 |     8 ||    18
 Stab: Sleeping          |     1 |       |       |       ||     1
  Eat: Chunk             |    12 |     5 |    28 |    33 ||    78
       Meat ration       |       |       |     1 |     2 ||     3
       Fruit             |       |       |       |     2 ||     2
